 Dungeon Crawl Stone Soup version 0.21-a0-504-g2eda330 (webtiles) character file.

459 slep the Cudgeler (level 7, -2/41 HPs)
             Began as a Tengu Gladiator on Nov 25, 2017.
             Slain by a centaur (3 damage)
             ... on level 5 of the Dungeon.
             The game lasted 00:10:27 (2506 turns).

slep the Cudgeler (Tengu Gladiator)                 Turns: 2506, Time: 00:10:28

Health: -2/41      AC:  6    Str: 17    XL:     7   Next: 6%
Magic:  8/8        EV: 13    Int:  8    God:
Gold:   224        SH:  0    Dex: 15    Spells: 6/6 levels left

rFire    + . .     SeeInvis .   a - +0 flail
rCold    . . .     Gourm    .   (no shield)
rNeg     . . .     Faith    +   e - +0 ring mail
rPois    .         Spirit   .   c - +0 hat
rElec    .         Reflect  .   m - +0 cloak {MR+}
rCorr    .         Harm     .   (no gloves)
MR       +....                  (boots unavailable)
Stlth    +.........             y - amulet of faith
HPRegen  0.13/turn              o - ring of wizardry
MPRegen  0.11/turn              v - ring of protection from fire

@: no status effects
A: beak, talons 3, able to fly 1
a: Fly


You were on level 5 of the Dungeon.
You were not hungry.

You visited 1 branch of the dungeon, and saw 5 of its levels.

You collected 224 gold pieces.

Inventory:

Hand Weapons
 a - a +0 flail (weapon)
Missiles
 d - 3 throwing nets (quivered)
Armour
 b - a +0 leather armour
 c - a +0 hat (worn)
 e - a +0 ring mail (worn)
 m - a +0 cloak of magic resistance (worn)
Jewellery
 o - a ring of wizardry (left hand)
 v - a ring of protection from fire (right hand)
 y - an amulet of faith (around neck)
Scrolls
 g - 2 scrolls of immolation {unknown}
 h - 3 scrolls of identify {unknown}
 j - 2 scrolls of fog {unknown}
 q - 2 scrolls of teleportation {unknown}
 t - a scroll of remove curse {unknown}
 u - a scroll of fear {unknown}
 x - a scroll of enchant armour {unknown}
Potions
 k - a potion of flight
 l - 2 potions of curing
 p - a potion of mutation {unknown}
 r - a potion of berserk rage {unknown}
 w - a potion of heal wounds {unknown}
 z - a potion of brilliance {unknown}
Comestibles
 f - 2 bread rations
 i - a fruit
 n - 2 royal jellies
 s - a meat ration
 A - 3 chunks of flesh


   Skills:
 + Level 3.5 Fighting
 + Level 6.0 Maces & Flails
 + Level 2.5 Throwing
 + Level 2.5 Armour
 + Level 4.7 Dodging
 + Level 0.6 Stealth


You had 6 spell levels left.
You didn't know any spells.

Dungeon Overview and Level Annotations

Branches:
Dungeon (5/15)             Temple (0/1) D:4

Altars:
Ashenzari
Hepliaklqana
Kikubaaqudgha
Vehumet

Annotations:
D:4 Wubbawubba's ghost, amateur FoEE


Innate Abilities, Weirdness & Mutations

You have a beak for a mouth.
You have claws for feet.
You can fly.


Message History

The centaur shoots an arrow.
The arrow misses you.
You see here an arrow.
You hear the slow hiss of a distant avalanche of sand.
The centaur shoots an arrow.
The arrow hits you!
You see here an arrow.
The centaur shoots an arrow.
The arrow hits you!
The centaur shoots an arrow.
The arrow hits you.
* * * LOW HITPOINT WARNING * * *
You see here 2 arrows.
The centaur shoots an arrow.
The arrow hits you!
* * * LOW HITPOINT WARNING * * *
You see here an arrow.
The centaur unwields an uncursed shortbow.
The centaur barely misses you.
Found a plate armour.
You barely miss the centaur. You claw the centaur.
The centaur is moderately wounded.
The centaur hits you but does no damage.
The centaur hits you.
You die...

.......##...#.# .# .#
#....#.##...#.###.##.###
#...............(.......
#......##.....##...#...
#......##.######(..# .
#......##.# #(..# ...
#......##.######(..#....
###...>.........(.......
.......[###.####@..#####
###.....##.......c.#
#####.##.........#
#.##.........# ###
#.##.........# ..#
#.##[.....#### #.##
#.##...... ...#
#.##...... #..# #.#


You could see a centaur.

Vanquished Creatures
  A phantom (D:4)
  A crimson imp (D:5)
  4 orc wizards
  A centaur skeleton (D:3)
  2 worker ants
  Robin (D:2)
  4 adders
  An ooze (D:2)
  An adder skeleton (D:4)
  A worm (D:2)
  2 dart slugs (D:1)
  4 leopard geckos
  5 orcs
  5 giant cockroaches
  12 goblins
  12 hobgoblins
  9 jackals
  2 kobolds
  A quokka (D:4)
  5 bats
  4 frilled lizards
  10 rats
88 creatures vanquished.

Notes
Turn   | Place    | Note
-------+----------+-------------------------------------------
     0 | D:1      | slep the Tengu Gladiator began the quest for the Orb.
     0 | D:1      | Reached XP level 1. HP: 12/12 MP: 2/2
   113 | D:1      | Reached XP level 2. HP: 17/17 MP: 3/3
   275 | D:1      | Reached XP level 3. HP: 4/21 MP: 4/4
   941 | D:2      | Reached skill level 4 in Maces & Flails
   941 | D:2      | Reached XP level 4. HP: 22/27 MP: 5/5
  1329 | D:2      | Noticed Robin
  1332 | D:2      | Killed Robin
  1370 | D:2      | Found a shattered altar of Ashenzari.
  1371 | D:2      | Found an ancient bone altar of Kikubaaqudgha.
  1494 | D:3      | Reached skill level 1 in Armour
  1537 | D:3      | Gained mutation: You can fly. [Tengu growth]
  1537 | D:3      | Reached XP level 5. HP: 22/32 MP: 6/6
  1635 | D:3      | Found a shattered altar of Ashenzari.
  1892 | D:3      | Reached skill level 5 in Maces & Flails
  2054 | D:3      | Found a radiant altar of Vehumet.
  2087 | D:3      | Found a hazy altar of Hepliaklqana.
  2192 | D:4      | Reached XP level 6. HP: 37/37 MP: 7/7
  2245 | D:4      | Noticed a phantom
  2269 | D:4      | Killed a phantom
  2377 | D:4      | Noticed Wubbawubba's ghost (amateur FoEE)
  2382 | D:4      | Found a staircase to the Ecumenical Temple.
  2400 | D:5      | Entered Level 5 of the Dungeon
  2487 | D:5      | Reached skill level 6 in Maces & Flails
  2487 | D:5      | Reached XP level 7. HP: 29/41 MP: 8/8
  2504 | D:5      | HP: 1/41 [centaur/arrow (10)]
  2506 | D:5      | Slain by a centaur

Vault maps used:
D:1:      minmay_arrival_nine_rooms, serial_forest, infiniplex_forest_lined_1,
          infiniplex_forest_lined_room_2, infiniplex_forest_clump_diagonal,
          infiniplex_forest_lined_3_way, infiniplex_forest_clump_curved
D:2:      gammafunk_temple_overflow_pools, kennysheep_generic_room_11,
          uniq_robin
D:3:      nicolae_overflow_crystal_walls, overflow_temple_1_default,
          nicolae_ashenzari_panopticon
D:4:      okawaru_altar_gauntlet_db, minmay_temple_entry_overgrown
D:5:      lightli_ossuary_entry_decrepit_ruins, first_bread,
          hangedman_abyss_or_decor_stagger, kennysheep_generic_room_12,
          uniq_blork_the_orc, uniq_edmund

Skill      XL: |  1  2  3  4  5  6 |
---------------+-------------------+-----
Dodging        | 4 |  4.7
Maces & Flails | 4 5 6 |  6.0
Armour         | 1 2 |  2.5
Fighting       | 3 |  3.5
Throwing       | |  2.5
Stealth        | |  0.6

Action                   |  1- 3 |  4- 6 |  7- 9 || total
-------------------------+-------+-------+-------++-------
Melee: Flail             |    81 |   159 |     3 ||   243
       Kick              |    20 |    37 |     1 ||    58
       Peck              |     8 |    29 |     1 ||    38
  Use: Potion            |       |     2 |       ||     2
  Eat: Chunk             |       |     5 |       ||     5
Armor: Ring mail         |    41 |    58 |     2 ||   101
Dodge: Dodged            |    61 |   105 |     4 ||   170

Table legend:
 A = Spawn XP
 B = Non-spawn XP
 C = Spawn XP percentage of total XP
 D = Spawn monster count
 E = Non-spawn monster count
 F = Spawn count percentage of total count
 G = Total turns spent on level
                    A         B        C        D         E        F      G
               +---------+---------+-------+---------+---------+-------+---------
         Total |       0 |     657 |   0.0 |       0 |      88 |   0.0 |  2506
               +---------+---------+-------+---------+---------+-------+---------
           D:1 |       0 |      46 |   0.0 |       0 |      23 |   0.0 |   749
           D:2 |       0 |      97 |   0.0 |       0 |      30 |   0.0 |   712
           D:3 |       0 |     175 |   0.0 |       0 |      23 |   0.0 |   727
           D:4 |       0 |     243 |   0.0 |       0 |       8 |   0.0 |   212
           D:5 |       0 |      96 |   0.0 |       0 |       4 |   0.0 |   106
               +---------+---------+-------+---------+---------+-------+---------
